 Dungeon Crawl Stone Soup version 0.32-a0-779-g362cfcae2a (webtiles) character file.

Game seed: 12098998885556043851

109 Alarak the Chopper (level 4, -1/57 HPs)
             Began as a Mountain Dwarf Fighter on Mar 19, 2024.
             Slain by a gnoll
             ... wielding a +0 halberd
              (6 damage)
             ... on level 3 of the Dungeon.
             The game lasted 00:02:39 (2034 turns).

Alarak the Chopper (Mountain Dwarf Fighter)         Turns: 2034, Time: 00:02:40

Health: -1/57      AC: 15    Str: 26    XL:     4   Next: 60%
Magic:  4/4        EV:  5    Int:  9    God:
Gold:   167        SH:  4    Dex:  9    Spells: 3/3 levels left

rFire   . . .        a - +0 war axe
rCold   . . .        c - +0 buckler
rNeg    . . .        n - +0 plate armour
rPois   .            i - +0 helmet
rElec   .            h - +2 cloak
rCorr   .            (no gloves)
SInv    .            (no boots)
Will    .....        (no amulet) Stlth
                     f - +6 ring of strength
HPRegen 0.29/turn    (no ring)
MPRegen 0.09/turn

%: no passive effects
@: berserking (expiring), very quick
A: runic magic, artefact enchanting
a: no special abilities


You were on level 3 of the Dungeon.
You visited 1 branch of the dungeon, and saw 3 of its levels.

You collected 167 gold pieces.

Inventory:

Hand Weapons
 a - a +0 war axe (weapon)
Armour
 c - a +0 buckler (worn)
 h - a +2 cloak (worn)
 i - a +0 helmet (worn)
 n - a +0 plate armour (worn)
Jewellery
 f - a +6 ring of strength (left hand)
Scrolls
 g - a scroll of revelation
 j - a scroll of identify
 k - a scroll of noise {unknown}
 o - a scroll of enchant armour {unknown}
Potions
 b - a potion of lignification {unknown}
 d - a potion of might
 l - a potion of magic {unknown}
 m - a potion of enlightenment {unknown}


   Skills:
 - Level 3.2 Fighting
 + Level 5.9 Axes
 - Level 3.2 Armour
 - Level 3.2 Shields


You had 3 spell levels left.
You didn't know any spells.
Your spell library contained the following spells:

 Spells                   Type           Power      Damage    Failure   Level
 Tukima's Dance           Hex            0%         N/A       96%         3
 Passage of Golubria      Tloc           0%         N/A       100%        4
 Yara's Violent Unravell  Hex/Alch       0%         3d3       100%        5


Dungeon Overview and Level Annotations

Branches:
Dungeon (3/15)

Altars:
Dithmenos


Innate Abilities, Weirdness & Mutations

Your spellcasting is much less encumbered by armour.
You can use scrolls of enchantment on lesser artefacts.


Message History

The adder barely misses you.
The gnoll hits you from afar with a +0 halberd.
* * * LOW HITPOINT WARNING * * *
You barely miss the adder.
The adder is lightly wounded.
You barely miss the jackal. The adder bites you.
* * * LOW HITPOINT WARNING * * *
You block the jackal's attack.
The gnoll hits you from afar with a +0 halberd.
* * * LOW HITPOINT WARNING * * *
You slash the adder!
You kill the adder!
You closely miss the jackal.
The jackal bites you but does no damage.
The gnoll hits you but does no damage.
You slash the jackal!
You kill the jackal!
You slash the jackal!
You kill the jackal!
You barely miss the jackal. You slash the dart slug!
The gnoll hits you from afar with a +0 halberd.
* * * LOW HITPOINT WARNING * * *
The jackal bites you but does no damage.
You slash the jackal!
You kill the jackal!
You hit the jackal.
You kill the jackal!
You slash the dart slug!
You kill the dart slug!
The gnoll hits you from afar with a +0 halberd.
* * * LOW HITPOINT WARNING * * *
The gnoll closely misses you.
Things that are here:
a +0 whip; a gnoll corpse You closely miss the gnoll.
You barely miss the gnoll. The gnoll hits you but does no damage.
You hit the gnoll.
The gnoll is moderately wounded.
The gnoll hits you with a +0 halberd.
You die...

#...##.... #)#.###...
#.#.....## #........#
###############........#
................#.##.#.#
......#....####...##.#.#
####...)..## ######...#
#..$..g@)## .....
........## ###..
........# .. ........#
.# ....##### ..#. . #


You could see a gnoll.

Vanquished Creatures
  3 adders
  3 gnolls (D:3)
  3 dart slugs
  A ribbon worm (D:2)
  4 endoplasms
  3 giant cockroaches (D:1)
  3 goblins
  2 hobgoblins
  4 jackals (D:3)
  2 kobolds
  2 quokkas (D:1)
  7 ball pythons
  A bat (D:1)
  4 frilled lizards
  4 rats
46 creatures vanquished.

Notes
Turn   | Place    | Note
-------+----------+-------------------------------------------
     0 | D:1      | Alarak the Mountain Dwarf Fighter began the quest for the
                  | Orb.
     0 | D:1      | Reached XP level 1. HP: 19/19 MP: 1/1
   182 | D:1      | Reached skill level 3 in Axes
   286 | D:1      | Reached XP level 2. HP: 25/26 MP: 2/2
   607 | D:1      | Reached skill level 4 in Axes
  1273 | D:2      | Found a shadowy altar of Dithmenos.
  1341 | D:2      | Reached XP level 3. HP: 31/31 MP: 3/3
  1693 | D:2      | Reached skill level 5 in Axes
  2016 | D:3      | Reached XP level 4. HP: 31/38 MP: 4/4
  2034 | D:3      | Slain by a gnoll

Illustrated notes

Levels and vault maps discovered:
D:1:      dpeg_arrival_tiny_c, layout_loops_corners
D:2:      layout_loops_corners, basic_altar
D:3:      layout_basic, mainiacjoe_overflow_catwalk,
          wander_ebering_terrifying_dragon_lair, uniq_natasha, uniq_terence,
          uniq_jessica

Skill      XL: |  1  2  3 |
---------------+----------+-----
Axes           | 3 4 5 |  5.9
Fighting       | |  3.2
Armour         | |  3.2
Shields        | |  3.2

Action                     |  1- 3 |  4- 6 || total
---------------------------+-------+-------++-------
  Melee: War axe           |   109 |    17 ||   126
    Use: Scroll            |     2 |       ||     2
         Potion            |       |     1 ||     1
 Armour: Scale mail        |    72 |       ||    72
         Plate armour      |    10 |    29 ||    39
  Dodge: Dodged            |    48 |     8 ||    56
  Block: Buckler           |    24 |     4 ||    28

Table legend: (Time is in decaauts)
 A = Elapsed time spent in this place.
 B = Non-inter-level travel time spent in this place.
 C = Inter-level travel time spent in this place.
 D = Time resting spent in this place.
 E = Time spent auto-exploring this place.
 F = Levels seen in this place.
 G = Mean time per level.
                   A        B        C        D        E       F      G
               +--------+--------+--------+--------+--------+-----+--------+
         Total |   2068 |   1889 |    179 |     96 |   1462 |   3 |  689.3 |
       Dungeon |   2068 |   1889 |    179 |     96 |   1462 |   3 |  689.3 |
               +--------+--------+--------+--------+--------+-----+--------+

Top non-repeatable levels by time:
     D:1: 983 daAuts
     D:2: 930 daAuts
     D:3: 154 daAuts
